 Dungeon Crawl Stone Soup version 0.28-a0-1184-g53156a8862 (webtiles) character file.

Game seed: 18101259134616671634

53 frimble the Slasher (level 3, 0/27 HPs)
             Began as a Demonspawn Warper on Dec 18, 2021.
             Slain by a gnoll (9 damage)
             ... on level 1 of the Dungeon.
             The game lasted 00:01:56 (2766 turns).

frimble the Slasher (Demonspawn Warper)             Turns: 2766, Time: 00:01:56

Health: 0/27       AC:  3    Str: 17    XL:     3   Next: 64%
Magic:  4/6        EV: 11    Int: 16    God:
Gold:   101        SH:  0    Dex: 12    Spells: 4/6 levels left

rFire   . . .      SeeInvis .   a - +0 falchion
rCold   . . .      Faith    .   (no shield)
rNeg    . . .      Spirit   .   b - +0 leather armour
rPois   .          Reflect  .   (no helmet)
rElec   .          Harm     .   (no cloak)
rCorr   .          Rampage  .   (no gloves)
Will    .....                   (no boots)
Stlth   +.........              (no amulet)
HPRegen 0.09/turn               h - +6 ring of strength
MPRegen 0.10/turn               (no ring)

@: very slightly contaminated
A: foul stench 1
a: no special abilities


You were on level 1 of the Dungeon.
You visited 1 branch of the dungeon, and saw 3 of its levels.

You collected 101 gold pieces.

Inventory:

Hand Weapons
 a - a +0 falchion (weapon)
Missiles
 d - 5 boomerangs of dispersal
 e - 5 boomerangs (quivered)
Armour
 b - a +0 leather armour (worn)
Jewellery
 h - a +6 ring of strength (left hand)
 k - a ring of willpower
Scrolls
 c - a scroll of blinking
 f - a scroll of identify {unknown}
 g - 2 scrolls of enchant armour {unknown}
 i - a scroll of torment {unknown}
 j - a scroll of immolation {unknown}


   Skills:
 - Level 2.0 Fighting
 + Level 3.7 Long Blades
 - Level 0.8 Throwing
 - Level 0.8 Armour
 - Level 1.7 Dodging
 - Level 2.0 Spellcasting
 - Level 2.6 Translocations


You had 4 spell levels left.
You knew the following spells:

 Your Spells              Type           Power      Damage    Failure   Level
a - Blink                 Tloc           20%        N/A       12%         2

Your spell library contained the following spells:

 Spells                   Type           Power      Damage    Failure   Level
 Gell's Gravitas          Tloc           10%        N/A       24%         3
 Lesser Beckoning         Tloc           10%        N/A       24%         3
 Teleport Other           Tloc           10%        N/A       24%         3
 Manifold Assault         Tloc           10%        N/A       92%         5


Dungeon Overview and Level Annotations

Branches:
Dungeon (3/15)

Altars:

Shops:
D:1 :


Innate Abilities, Weirdness & Mutations

You may rarely emit foul miasma when damaged in melee.


Message History

The boomerang completely misses the gnoll.
The boomerang closely misses the gnoll.
Throw: 5 boomerangs
Press: ? - help, Q - select action, (/) - cycle Shift-Dir - straight line, f/p - gnoll
Aim: a gnoll, wielding a +0 halberd (61% to hit)
You throw a boomerang.
The boomerang hits the gnoll but does no damage.
The gnoll is severely wounded.
There is a stone staircase leading up here.
You climb upwards.
There is a stone staircase leading down here.
You start resting.
HP restored.
You climb downwards.
The gnoll hits you with a +0 flail! x2
There is a stone staircase leading up, spattered with blood here.
The gnoll barely misses you.
The gnoll hits you from afar with a +0 halberd.
* * * LOW HITPOINT WARNING * * *
You climb upwards.
There is a stone staircase leading down here.
Casting: Blink (safe; 12% risk of failure)
Confirm with . or Enter, or press ? or * to list all spells.
You blink.
You feel stable enough to blink again.
Throw: 5 boomerangs
Press: ? - help, Q - select action, (/) - cycle Shift-Dir - straight line, f - gnoll
Aim: a gnoll, wielding a +0 flail (61% to hit)
You throw a boomerang. The boomerang hits the gnoll.
The gnoll is moderately wounded.
There is an open door here.
Throw: 5 boomerangs
Press: ? - help, Q - select action, (/) - cycle Shift-Dir - straight line, f/p - gnoll
Aim: a gnoll, wielding a +0 flail (lightly wounded, 61% to hit)
You throw a boomerang. The boomerang barely misses the gnoll.
Casting: Blink (safe; 12% risk of failure)
Confirm with . or Enter, or press ? or * to list all spells.
You miscast Blink.
You are very lightly contaminated with residual magic.
Nothing appears to happen.
The gnoll hits you with a +0 flail!
You die...

..# #.###...#####..........# #.#
#.# #...#...#.#######.(#
#.######.###.....#.#.# #.....###
#.##......###....#.#.# #.......#
......#...# #.)).#.#'####........
#.##..#...###.[..#.....##....####
#.#...###........#(..........#...
#.#.รท.###........##....##....#...
#.#.............@g.....##........
#.#...###........#.#.####...#....
#.#...#..........#.#.#...........
#.#...#.#.......##.#.#.......#...
#.#...#.#.......##.#.#.......#...
#.#...#.##########.#.#########...
#.#...#............#.# ##'#
#.#...##############.# #..
#.#..................# ##.


You could see a gnoll.

Vanquished Creatures
  A gnoll (D:2)
  A dart slug (D:1)
  6 ball pythons
  2 endoplasms
  A giant cockroach (D:1)
  5 goblins
  A hobgoblin (D:1)
  4 quokkas (D:1)
  9 bats
  5 kobolds
  4 rats
39 creatures vanquished.

Notes
Turn   | Place    | Note
-------+----------+-------------------------------------------
     0 | D:1      | frimble the Demonspawn Warper began the quest for the Orb.
     0 | D:1      | Reached XP level 1. HP: 16/16 MP: 3/3
   128 | D:1      | Reached skill level 2 in Long Blades
   279 | D:1      | Found a faded altar of an unknown god.
   550 | D:1      | Gained mutation: You may rarely emit foul miasma when
                  | damaged in melee. [demonic ancestry]
   550 | D:1      | Reached XP level 2. HP: 14/22 MP: 5/5
  1112 | D:1      | Found Dalaude's Book Emporium.
  1114 | D:1      | Reached skill level 3 in Long Blades
  1437 | D:1      | Reached XP level 3. HP: 27/27 MP: 6/6
  1786 | D:1      | Learned a level 2 spell: Blink
  2766 | D:1      | Slain by a gnoll

Illustrated notes

Levels and vault maps discovered:
D:1:      dpeg_arrival_lava_temple_mockup, layout_basic, serial_shops, shop,
          ebering_ecumenical_altar_mist
D:2:      layout_loops_cross
D:3:      layout_loops_ring, mainiacjoe_overflow_alcove_4,
          mainiacjoe_overflow_alcove_2, serial_bayou_pond_c

Skill      XL: |  1  2 |
---------------+-------+-----
Long Blades    | 2 3 |  3.7
Fighting       | |  2.0
Throwing       | |  0.8
Armour         | |  0.8
Dodging        | |  1.7
Spellcasting   | |  2.0
Translocations | |  2.6

Action                   || total
-------------------------++-------
Melee: Falchion          ||   111
Throw: Boomerang         ||     8
 Cast: Blink             ||     1
Armor: Leather armour    ||    45
Dodge: Dodged            ||    79

Table legend: (Time is in decaauts)
 A = Elapsed time spent in this place.
 B = Non-inter-level travel time spent in this place.
 C = Inter-level travel time spent in this place.
 D = Time resting spent in this place.
 E = Time spent auto-exploring this place.
 F = Levels seen in this place.
 G = Mean time per level.
                   A        B        C        D        E       F      G
               +--------+--------+--------+--------+--------+-----+--------+
         Total |   2785 |   2772 |     13 |    230 |   2203 |   3 |  928.3 |
       Dungeon |   2785 |   2772 |     13 |    230 |   2203 |   3 |  928.3 |
               +--------+--------+--------+--------+--------+-----+--------+

Top non-repeatable levels by time:
     D:1: 2071 daAuts
     D:2: 712 daAuts
     D:3: 1 daAuts
